 Dungeon Crawl Stone Soup version 0.28.0-53-g5a82cb258f (webtiles) character file.

Game seed: 3864086666210253100

2611 SanguineChosen the Basher (level 9, -2/57 HPs)
             Began as a Gargoyle Fighter on July 20, 2022.
             Was a Believer of Trog.
             Slain by a killer bee (5 damage)
             ... on level 7 of the Dungeon.
             The game lasted 00:19:08 (7902 turns).

SanguineChosen the Basher (Gargoyle Fighter)        Turns: 7902, Time: 00:19:09

Health: -2/57      AC: 20    Str: 30    XL:     9   Next: 60%
Magic:  9/9        EV: 10    Int:  9    God:    Trog [**....]
Gold:   305        SH:  6    Dex:  9    Spells: 8/8 levels left

rFire   . . .      SeeInvis .   r - +3 falchion
rCold   . . .      Faith    .   i - +1 buckler {AC+3}
rNeg    + . .      Spirit   .   b - +0 scale mail
rPois   ∞          Reflect  .   m - +0 helmet
rElec   +          Harm     .   (no cloak)
rCorr   .          Rampage  .   n - +0 pair of gloves
Will    .....                   (no boots)
Stlth   ..........              (no amulet)
HPRegen 0.19/turn               f - +6 ring of strength
MPRegen 0.11/turn               s - ring of flight

@: flying, studying Fighting
A: sickness immunity, AC +6, negative energy resistance 1, electricity
resistance, torment resistance 1, petrification resistance
a: Renounce Religion, Berserk, Trog's Hand


You were on level 7 of the Dungeon.
You worshipped Trog.
Trog was pleased with you.
You visited 1 branch of the dungeon, and saw 8 of its levels.
You also visited: Bailey.

You collected 305 gold pieces.

Inventory:

Hand Weapons
 a - a +0 flail
 r - a +3 falchion (weapon)
Armour
 b - a +0 scale mail (worn)
 i - a +1 buckler of protection (worn)
 m - a +0 helmet (worn)
 n - a +0 pair of gloves (worn)
Jewellery
 f - a +6 ring of strength (left hand)
 l - a +6 ring of intelligence
 s - a ring of flight (right hand)
Wands
 j - a wand of paralysis (6)
Scrolls
 c - a scroll of blinking
 g - 2 scrolls of vulnerability {unknown}
 h - a scroll of identify
 k - a scroll of fear
 p - a scroll of summoning
 q - 3 scrolls of fog {unknown}
Potions
 d - a potion of might
 e - 3 potions of lignification
 o - 3 potions of mutation


   Skills:
 + Level 7.3 Fighting
 + Level 0.3 Long Blades
 + Level 8.4 Maces & Flails
 + Level 7.5 Armour
 + Level 2.9 Dodging
 + Level 1.6 Stealth
 + Level 5.6 Shields


You had 8 spell levels left.
You didn't know any spells.
Your spell library contained the following spells:

 Spells                   Type           Power      Damage    Failure   Level
 Ozocubu's Armour         Ice            0%         N/A       96%         3
 Ozocubu's Refrigeration  Ice            0%         4d5       100%        7


Dungeon Overview and Level Annotations

Branches:
Dungeon (8/15)             Temple (0/1) D:4          Bailey (visited)
   Lair: D:8-11

Altars:
Ashenzari
Fedhas
Hepliaklqana
Okawaru
Trog
Zin

Annotations:
D:7 Harold


Innate Abilities, Weirdness & Mutations

You are immune to sickness and miasma.
Your stone body is resilient. (AC +6)
You are immune to poison.
You resist negative energy. (rN+)
You are resistant to electric shocks. (rElec)
You are resistant to unholy torment.
You are immune to petrification.


Message History

You block the killer bee's attack.
The killer bee stings you but does no damage.
The wight hits you but does no damage. The killer bee closely misses you.
You block the killer bee's attack.
The killer bee stings you but does no damage.
Harold hits you from afar with a +0 glaive.
The killer bee stings you but does no damage.
The killer bee stings you. x2; The wight barely misses you.
You block the killer bee's attack. You block Harold's attack.
The wight hits you with a +0 long sword.
Harold hits you but does no damage.
You slash Harold!
Harold is moderately wounded.
You block the killer bee's attack.
The killer bee stings you but does no damage.
The wight closely misses you. x2; You block Harold's attack.
The killer bee stings you.
The wight hits you with a +2 great sword.
The wight hits you but does no damage.
You barely miss Harold.
Harold is moderately wounded.
The killer bee stings you but does no damage.
Harold hits you with a +0 glaive!!
The killer bee stings you but does no damage.
The wight barely misses you. You block the wight's attack.
The wight hits you but does no damage. Harold hits you with a +0 glaive.
You barely miss Harold.
Harold is moderately wounded.
The killer bee stings you but does no damage.
The killer bee closely misses you.
The wight hits you with a +0 long sword.
* * * LOW HITPOINT WARNING * * *
The killer bee stings you but does no damage.
The wight hits you with a +2 great sword!
* * * LOW HITPOINT WARNING * * *
The wight hits you with a +3 hand axe.
* * * LOW HITPOINT WARNING * * *
Harold misses you. The killer bee closely misses you.
The wight barely misses you. The killer bee stings you.
You die...

#......####....#
#......#.......#
#..)..........##
#.)∩).........#
#..)..........#
#.............#
###..........##
#....z.....# ####
#..y@@y....# ##..###
#..zyz.....# #.....#
#.....>....####......
#...........##.......
#............##.......
#...#.........#.......
#..###....#...........
#... ##...##...#......
#.. ###..##.........


You could see Harold, 3 killer bees and 3 wights.

Vanquished Creatures
  Sigmund (D:6)
  A shadow (D:6)
  2 water moccasins
  An ice beast (D:5)
  An orc warrior (D:6)
  3 sky beasts (D:6)
  A necrophage (D:4)
  An ogre (D:6)
  A centaur (D:6)
  A phantom (D:6)
  A bullfrog (D:6)
  2 scorpions
  A water moccasin zombie (D:5)
  2 gnoll sergeants (D:5)
  A water moccasin skeleton (D:5)
  5 wights
  A centaur zombie (D:6)
  A centaur skeleton (D:6)
  6 hounds
  2 jellies
  An orc priest (D:8)
  An iguana (D:7)
  An orc wizard (D:6)
  A hound skeleton (D:4)
  12 gnolls (D:5)
  10 adders
  An ufetubus (D:6)
  2 adder skeletons (D:4)
  2 worms
  2 dart slugs
  9 orcs
  9 endoplasms
  2 giant cockroaches
  4 goblins
  3 hobgoblins
  4 jackals
  2 kobolds
  2 quokkas
  9 ball pythons
  2 bats
  6 frilled lizards
  4 rats
124 creatures vanquished.

Vanquished Creatures (others)
  An orc wizard (D:6)
1 creature vanquished.

Grand Total: 125 creatures vanquished

Notes
Turn   | Place    | Note
-------+----------+-------------------------------------------
     0 | D:1      | SanguineChosen the Gargoyle Fighter began the quest for the
                  | Orb.
     0 | D:1      | Reached XP level 1. HP: 14/14 MP: 1/1
   331 | D:1      | Reached XP level 2. HP: 16/19 MP: 2/2
  1273 | D:2      | Reached XP level 3. HP: 22/24 MP: 3/3
  1556 | D:2      | Found a faded altar of an unknown god.
  1905 | D:2      | Reached skill level 3 in Maces & Flails
  2385 | D:3      | Reached XP level 4. HP: 14/29 MP: 4/4
  2831 | D:3      | Found a hazy altar of Hepliaklqana.
  3024 | D:3      | Found a bloodstained altar of Trog.
  3048 | D:3      | Became a worshipper of Trog the Wrathful
  3125 | D:3      | Found a faded altar of an unknown god.
  3128 | D:3      | Found a broken altar of Ashenzari.
  3355 | D:3      | Noticed a scorpion
  3368 | D:3      | Killed a scorpion
  3369 | D:3      | Reached skill level 1 in Stealth
  3369 | D:3      | Reached XP level 5. HP: 16/33 MP: 5/5
  3803 | D:4      | Found a staircase to the Ecumenical Temple.
  3825 | D:4      | Noticed a necrophage
  3855 | D:4      | Killed a necrophage
  3856 | D:4      | Reached skill level 4 in Maces & Flails
  3856 | D:4      | Reached skill level 1 in Dodging
  3856 | D:4      | Reached XP level 6. HP: 22/38 MP: 6/6
  4545 | D:5      | Entered Level 5 of the Dungeon
  4641 | D:5      | Reached skill level 5 in Armour
  4780 | D:5      | Reached XP level 7. HP: 16/43 MP: 7/7
  5007 | D:5      | Reached skill level 5 in Maces & Flails
  5125 | D:5      | HP: 1/43 [gnoll/+0 spear (7)]
  5145 | D:5      | Reached * piety under Trog
  5551 | D:5      | Reached XP level 8. HP: 47/48 MP: 8/8
  5676 | D:5      | Reached skill level 6 in Maces & Flails
  5838 | D:5      | Found an iron altar of Okawaru.
  6156 | D:5      | Identified a scroll of acquirement
  6156 | D:5      | Acquired a manual of Fighting
  6298 | D:6      | Found a glowing silver altar of Zin.
  6298 | D:6      | Noticed an angel
  6450 | D:6      | Noticed Sigmund
  6461 | D:6      | Reached skill level 5 in Fighting
  6473 | D:6      | Killed Sigmund
  6474 | D:6      | Reached skill level 7 in Maces & Flails
  6474 | D:6      | Reached skill level 5 in Shields
  6540 | D:6      | Noticed a shadow
  6548 | D:6      | HP: 2/51 [something (26)]
  6554 | D:6      | Killed a shadow
  6555 | D:6      | Reached XP level 9. HP: 24/55 MP: 9/9
  6852 | D:6      | Reached skill level 8 in Maces & Flails
  6854 | D:6      | Reached ** piety under Trog
  7093 | D:6      | Found a blossoming altar of Fedhas.
  7093 | D:6      | You fall into a shaft and drop 1 floor!
  7548 | D:7      | Found a flagged portal.
  7558 | Bailey   | Entered a bailey
  7577 | D:7      | Noticed Harold
  7902 | D:7      | Slain by a killer bee

Illustrated notes

Levels and vault maps discovered:
D:1:      shiori_arrival_elements, layout_basic, serial_park_tiny_1
D:2:      cheibrodos_helix_gallery, layout_loops_corners,
          shapermc_ecumenical_altar_totnotflames
D:3:      layout_rooms, trog_three_pillars_becter,
          nicolae_overflow_ecumenical_swirl, lemuel_round_altar
D:4:      layout_loops_ring, temple_doors_e, kennysheep_generic_room_3
D:5:      layout_basic, mainiacjoe_overflow_paths
D:6:      layout_basic, mainiacjoe_overflow_tiny_flanked, zin_angel,
          st_stairs_3, uniq_sigmund
D:7:      layout_cave_pods, serial_shops, nicolae_diamond_shop, enter_bailey_2,
          serial_column_ruins, column_ruins_columns_dead_end,
          column_ruins_grid_4, column_ruins_open_large, column_ruins_open_tiny,
          column_ruins_open_small, kennysheep_cluttered_room, uniq_harold
D:8:      layout_cave_pools, mainiacjoe_overflow_catwalk,
          mainiacjoe_overflow_six_doors_small, kennysheep_pointless_box,
          minmay_misc_feat_ornament, worms_lemuel, uniq_joseph, uniq_grum,
          uniq_erica

Skill      XL: |  1  2  3  4  5  6  7  8  9 |
---------------+----------------------------+-----
Maces & Flails | 3 4 5 7 8 |  8.4
Armour         | 4 5 7 |  7.5
Stealth        | 1 |  1.6
Dodging        | 1 2 |  2.9
Fighting       | 4 6 7 |  7.3
Shields        | 4 5 |  5.6
Long Blades    | |  0.3

Action                   |  1- 3 |  4- 6 |  7- 9 || total
-------------------------+-------+-------+-------++-------
Melee: Flail             |   123 |   213 |   285 ||   621
       Falchion          |       |       |    33 ||    33
Throw: Throwing net      |       |       |     1 ||     1
  Use: Scroll            |     5 |     2 |     5 ||    12
       Potion            |       |     1 |     4 ||     5
Armor: Scale mail        |    69 |   110 |   181 ||   360
Dodge: Dodged            |    70 |   100 |   143 ||   313
Block: Buckler           |    20 |    55 |    94 ||   169
